 Dungeon Crawl Stone Soup version 0.31.0-11-ge490571c62 (webtiles) character file.

Game seed: 18166503900471722436

115 qw the Shooter (level 4, -6/23 HPs)
             Began as a Spriggan Hunter on Feb 3, 2024.
             Mangled by Sigmund
             ... wielding a +0 scythe
              (9 damage)
             ... on level 3 of the Dungeon.
             The game lasted 00:00:08 (1969 turns).

qw the Shooter (Spriggan Hunter)                    Turns: 1969, Time: 00:00:08

Health: -6/23      AC:  2    Str:  7    XL:     4   Next: 68%
Magic:  5/5        EV: 20    Int: 10    God:
Gold:   136        SH:  0    Dex: 20    Spells: 3/3 levels left

rFire   . . .        i - +3 sling (flame)
rCold   . . .        (no shield)
rNeg    . . .        c - +0 robe
rPois   .            (helmet restricted)
rElec   .            (no cloak)
rCorr   .            (gloves unavailable)
SInv    +            (boots unavailable)
Will    .....        (no amulet)
Stlth   ++           (no ring)
HPRegen 0.23/turn    (no ring)
MPRegen 0.09/turn

%: no passive effects
@: lethally poisoned (-6 -> -9), about to teleport, very quick
A: very small, no large weapons, unfitting armour, see invisible, speed 3
a: no special abilities


You were on level 3 of the Dungeon.
You visited 1 branch of the dungeon, and saw 3 of its levels.

You collected 136 gold pieces.


Innate Abilities, Weirdness & Mutations

You are very small and have problems with some larger weapons.
You are too small for most types of armour.
You have supernaturally acute eyesight. (SInv)
You cover ground extremely quickly. (Speed+++)


   Skills:
 + Level 1.9 Fighting
 - Level 5.0 Ranged Weapons
 - Level 5.0 Dodging
 - Level 1.5 Stealth


You had 3 spell levels left.
You didn't know any spells.
Your spell library was empty.

Inventory:

Hand Weapons
 i - a +3 sling of flaming (weapon)
Armour
 c - a +0 robe (worn)
Scrolls
 a - a scroll of identify
Potions
 b - a potion of mutation {unknown}
 d - 3 potions of curing
 f - a potion of lignification {unknown}
 g - 2 potions of enlightenment {unknown}
 h - a potion of might {unknown}

Dungeon Overview and Level Annotations

Branches:
Dungeon (3/15)

Altars:
Cheibriados

Annotations:
D:3 Sigmund


Message History

You kill the kobold!
There is an open door here.
Things that are here:
a +0 whip; a stone; a kobold corpse Sigmund the Dreaded comes into view.
He is wielding a +0 scythe and wearing a +2 robe of willpower.
Sigmund shouts!
You shoot a sling bullet. The sling bullet barely misses Sigmund.
Sigmund closely misses you.
You shoot a sling bullet.
The sling bullet closely misses Sigmund.
A goblin comes into view. It is wielding a +1 dagger of venom.
Sigmund completely misses you.
You shoot a sling bullet. The sling bullet hits Sigmund!
The sling bullet burns Sigmund.
Sigmund is moderately wounded.
You shoot a sling bullet. The sling bullet barely misses Sigmund.
Sigmund misses you.
The goblin hits you with a +1 dagger of venom.
You are poisoned.
You shoot a sling bullet. The sling bullet hits the goblin.
The sling bullet burns the goblin.
You kill the goblin!
You feel very sick.
Sigmund hits you from afar with a +0 scythe!
You shoot a sling bullet.
The sling bullet hits Sigmund but does no damage.
Sigmund is moderately wounded.
You feel sick.
Sigmund says, "Now you see me, now you don't..."
Sigmund completely misses you.
1968 ||| READING scroll of teleportation.
As you read the scroll of teleportation, it crumbles to dust.
You feel strangely unstable.
You feel sick.
You shoot a sling bullet.
The sling bullet closely misses Sigmund.
You feel sick.
Sigmund hits you from afar with a +0 scythe!
You die...
Sigmund begins carving another notch in his scythe.

#### ## #.. .. #.#
.# ###)#@# ###
#.)@.# #.. #.#.#.#
###.. #.#.# .#
###.... #.#.. ..
####...#..
#.#########...>#####
#..............#
#########......#####
#...........
#...|.......


You could see Sigmund.

Vanquished Creatures
  Robin (D:2)
  4 adders
  3 dart slugs
  A ribbon worm (D:2)
  An orc (D:3)
  4 endoplasms
  A giant cockroach (D:2)
  5 hobgoblins (D:2)
  3 jackals (D:1)
  2 quokkas
  8 ball pythons
  4 bats
  13 goblins
  5 kobolds
  2 rats (D:3)
57 creatures vanquished.

Notes
Turn   | Place    | Note
-------+----------+-------------------------------------------
     0 | D:1      | qw the Spriggan Hunter began the quest for the Orb.
     0 | D:1      | Reached XP level 1. HP: 10/10 MP: 2/2
     0 | D:1      | 0 ||| qw: Version: 0.3-a-158-g18b3111
     0 | D:1      | 0 ||| qw: Game counter: 4210
     0 | D:1      | 0 ||| qw: Melee chars always use a shield: true
     0 | D:1      | 0 ||| qw: God list: Okawaru
     0 | D:1      | 0 ||| qw: Allow faded altars: false
     0 | D:1      | 0 ||| qw: Do Orc after clearing Dungeon:15 true
     0 | D:1      | 0 ||| qw: Do second Lair branch before Depths: true
     0 | D:1      | 0 ||| qw: Lair rune preference: random
     0 | D:1      | 0 ||| qw: Goals: Normal
     0 | D:1      | 0 ||| PLANNING D:1-11
   117 | D:1      | Reached skill level 3 in Dodging
   310 | D:1      | Reached XP level 2. HP: 14/14 MP: 3/3
   494 | D:1      | 494 ||| READING scroll labelled GUTSOOLUOSK.
   595 | D:1      | 595 ||| READING scroll labelled ZUAVIU LIOH.
   595 | D:1      | 595 ||| IDENTIFYING white potion
   596 | D:1      | 596 ||| DRINKING 2 green potions.
   597 | D:1      | 597 ||| DROPPING scroll of butterflies.
   598 | D:1      | 598 ||| DROPPING potion of attraction.
   738 | D:2      | 738 ||| RETREEEEATING.
   741 | D:2      | 741 ||| RETREEEEATING.
   742 | D:2      | Noticed Robin
   745 | D:2      | 745 ||| RETREEEEATING.
   746 | D:2      | 746 ||| RETREEEEATING.
   747 | D:2      | 747 ||| RETREEEEATING.
   748 | D:2      | 748 ||| RETREEEEATING.
   749 | D:2      | 749 ||| RETREEEEATING.
   750 | D:2      | 750 ||| RETREEEEATING.
   758 | D:2      | Killed Robin
   759 | D:2      | Reached XP level 3. HP: 10/18 MP: 4/4
   759 | D:2      | 759 ||| FLEEEEING.
   761 | D:2      | 761 ||| FLEEEEING.
   762 | D:2      | 762 ||| FLEEEEING.
   765 | D:2      | 765 ||| FLEEEEING.
   856 | D:2      | 856 ||| FLEEEEING.
   893 | D:2      | 893 ||| FLEEEEING.
   894 | D:2      | 894 ||| FLEEEEING.
   895 | D:2      | 895 ||| FLEEEEING.
   896 | D:2      | 896 ||| FLEEEEING.
   897 | D:2      | 897 ||| FLEEEEING.
   898 | D:2      | 898 ||| FLEEEEING.
   899 | D:2      | 899 ||| FLEEEEING.
   901 | D:2      | 901 ||| FLEEEEING.
   902 | D:2      | 902 ||| FLEEEEING.
   903 | D:2      | 903 ||| FLEEEEING.
   905 | D:2      | 905 ||| FLEEEEING.
   906 | D:2      | 906 ||| FLEEEEING.
   908 | D:2      | 908 ||| FLEEEEING.
   909 | D:2      | 909 ||| FLEEEEING.
   915 | D:2      | 915 ||| FLEEEEING.
   916 | D:2      | 916 ||| FLEEEEING.
   917 | D:2      | 917 ||| FLEEEEING.
   918 | D:2      | 918 ||| FLEEEEING.
   919 | D:2      | 919 ||| FLEEEEING.
   920 | D:2      | 920 ||| FLEEEEING.
   921 | D:2      | 921 ||| FLEEEEING.
   923 | D:2      | 923 ||| FLEEEEING.
   926 | D:2      | 926 ||| FLEEEEING.
   927 | D:2      | 927 ||| FLEEEEING.
   928 | D:2      | 928 ||| FLEEEEING.
   929 | D:2      | 929 ||| FLEEEEING.
   930 | D:2      | 930 ||| FLEEEEING.
   931 | D:2      | 931 ||| FLEEEEING.
   932 | D:2      | 932 ||| FLEEEEING.
   933 | D:2      | 933 ||| FLEEEEING.
   936 | D:2      | 936 ||| FLEEEEING.
   938 | D:2      | 938 ||| FLEEEEING.
   940 | D:2      | 940 ||| FLEEEEING.
   941 | D:2      | 941 ||| FLEEEEING.
   942 | D:2      | 942 ||| FLEEEEING.
   943 | D:2      | 943 ||| FLEEEEING.
   944 | D:2      | 944 ||| FLEEEEING.
   945 | D:2      | 945 ||| FLEEEEING.
   946 | D:2      | 946 ||| FLEEEEING.
   947 | D:2      | 947 ||| FLEEEEING.
   948 | D:2      | 948 ||| FLEEEEING.
   949 | D:2      | 949 ||| FLEEEEING.
   950 | D:2      | 950 ||| FLEEEEING.
   951 | D:2      | 951 ||| FLEEEEING.
  1297 | D:2      | 1297 ||| SWAPPING to +3 sling of flaming.
  1298 | D:2      | 1298 ||| DROPPING +0 shortbow.
  1314 | D:2      | Reached XP level 4. HP: 22/22 MP: 5/5
  1378 | D:2      | Found a faded altar of an unknown god.
  1615 | D:2      | 1615 ||| READING scroll of identify.
  1615 | D:2      | 1615 ||| IDENTIFYING cyan potion
  1616 | D:2      | 1616 ||| READING scroll labelled ZOQOWO QIDIP.
  1621 | D:2      | 1621 ||| DROPPING potion of invisibility.
  1733 | D:3      | Found a snail-covered altar of Cheibriados.
  1961 | D:3      | Noticed Sigmund
  1967 | D:3      | HP: 5/23 [poisoned by a goblin]
  1968 | D:3      | 1968 ||| READING scroll of teleportation.
  1969 | D:3      | Mangled by Sigmund

Levels and vault maps discovered:
D:1:      mushboom_english_gardens, layout_basic
D:2:      layout_basic, chequers_ecumenical_altar_twisty, minmay_heptomino_w4,
          uniq_robin
D:3:      layout_basic, nicolae_overflow_crystal_walls,
          kennysheep_generic_room_9, uniq_sigmund

Skill      XL: |  1  2  3  4 |
---------------+-------------+-----
Dodging        | 3 4 5 |  5.0
Ranged Weapons | 5 |  5.0
Fighting       | |  1.9
Stealth        | |  1.5

Action                     |  1- 3 |  4- 6 || total
---------------------------+-------+-------++-------
   Fire: Shortbow          |    94 |       ||    94
         Sling             |     6 |    35 ||    41
    Use: Scroll            |     2 |     3 ||     5
         Potion            |     1 |       ||     1
 Armour: Robe              |    10 |     4 ||    14
  Dodge: Dodged            |    22 |     4 ||    26

Table legend:
 A = Non-vault XP
 B = Vault XP
 C = Vault XP percentage of total XP
 D = Non-vault monster count
 E = Vault monster count
 F = Vault count percentage of total count
                 A         B        C        D         E       F
            +---------+---------+-------+---------+---------+-------
      Total |     110 |      55 |  33.3 |      35 |      22 |  38.6
            +---------+---------+-------+---------+---------+-------
        D:1 |      14 |       0 |   0.0 |       9 |       0 |   0.0
        D:2 |      33 |      53 |  61.6 |      11 |      21 |  65.6
        D:3 |      63 |       2 |   3.1 |      15 |       1 |   6.2
            +---------+---------+-------+---------+---------+-------
